General information
- name: BNet
- type: Ladder team game (AT/RT)
- host: Battle.net
- saver: TeamCancer
map: Cherryville
- players: 8
- length: 43:28
- speed: Fast
- version: 1.28 W3XP
- replay type: Public
» download(354 KB)
Players
team 1 (loser)
NaiLz7768 (
teal | 45 APM | 1962 actions | 43:27)
10 Tauren Chieftain
3 Endurance Aura
3 War Stomp
1 Reincarnation
3 Shockwave
7 Shadow Hunter
2 Healing Wave
3 Serpent Ward
1 Hex
1 Big Bad Voodoo
» actions
| Assign group hotkey | 12 | |
| Basic commands | 8 | |
| Build / train | 78 | |
| ESC pressed | 3 | |
| Enter build submenu | 78 | |
| Enter hero's abilities submenu | 17 | |
| Give item / drop item | 2 | |
| Remove unit from queue | 5 | |
| Right click | 577 | |
| Select / deselect | 367 | |
| Select group hotkey | 641 | |
| Use ability | 174 | |
1962 total
» units
| Peon | 14 | |
| Grunt | 4 | |
| Tauren | 9 | |
| Goblin Shredder | 1 | |
| Shaman | 2 | |
| Peasant | 5 | |
35 total
» upgrades
| Armor | 2 | |
| Pulverize | 1 | |
| Melee Weapons | 2 | |
| Reinforced Defenses | 1 | |
| Spiked Barricades | 1 | |
| Shaman Training | 2 | |
| Witch Doctor Training | 1 | |
| Burning Oil | 1 | |
| Spirit Walker Training | 1 | |
12 total
» buildings
| Altar of Storms | 2 | |
| Orc Burrow | 14 | |
| Barracks | 2 | |
| Stronghold | 2 | |
| War Mill | 2 | |
| Voodoo Lounge | 2 | |
| Fortress | 1 | |
| Great Hall | 3 | |
| Tauren Totem | 5 | |
| Watch Tower | 30 | |
| Spirit Lodge | 4 | |
| Altar of Kings | 1 | |
| Farm | 2 | |
| Scout Tower | 1 | |
| Arcane Tower | 1 | |
| Town Hall | 1 | |
73 total
» build order
00:14 Altar of Storms
00:22 Orc Burrow
01:14 Barracks
01:58 Stronghold
02:37 Orc Burrow
03:00 War Mill
03:41 Voodoo Lounge
04:19 Fortress
05:24 Great Hall
06:05 Orc Burrow
07:13 Tauren Totem
07:16 Tauren Totem
07:40 Orc Burrow
11:15 Orc Burrow
11:43 Watch Tower
13:59 Tauren Totem
14:05 Tauren Totem
14:31 Watch Tower
14:59 Great Hall
15:19 Watch Tower
15:30 Orc Burrow
15:51 Watch Tower
15:56 Barracks
16:04 Watch Tower
16:06 Watch Tower
16:11 Watch Tower
16:39 Watch Tower
16:44 Watch Tower
17:08 Watch Tower
17:11 Watch Tower
17:16 Watch Tower
17:19 Watch Tower
17:41 Watch Tower
17:59 Watch Tower
18:23 Watch Tower
18:32 Spirit Lodge
18:35 Spirit Lodge
18:53 Spirit Lodge
19:00 Spirit Lodge
19:14 Watch Tower
19:22 Orc Burrow
19:43 Watch Tower
20:36 Watch Tower
20:54 Watch Tower
20:56 Watch Tower
21:38 Watch Tower
22:09 Tauren Totem
23:28 Orc Burrow
23:33 Orc Burrow
24:01 Watch Tower
25:30 Watch Tower
25:32 Watch Tower
25:36 Watch Tower
25:38 Watch Tower
25:41 Watch Tower
26:11 Orc Burrow
27:13 Stronghold
27:23 Great Hall
27:29 Watch Tower
27:32 Watch Tower
27:50 Orc Burrow
28:16 Voodoo Lounge
28:30 Orc Burrow
28:55 Orc Burrow
29:13 Orc Burrow
29:57 Altar of Storms
36:14 War Mill
39:43 Altar of Kings
39:45 Farm
40:47 Farm
40:59 Scout Tower
41:26 Arcane Tower
41:55 Town Hall
» items
| Healing Salve | 1 | |
| Orb of Lightning | 1 | |
| Tiny Great Hall | 1 | |
| Scroll of Town Portal | 2 | |
5 total
Light_Speed (
blue | 68 APM | 2659 actions | 39:04)
8 Archmage
3 Summon Water Elemental
3 Brilliance Aura
2 Blizzard
» actions
| Assign group hotkey | 14 | |
| Build / train | 129 | |
| Enter build submenu | 73 | |
| Enter hero's abilities submenu | 8 | |
| Give item / drop item | 1 | |
| Remove unit from queue | 5 | |
| Right click | 1277 | |
| Select / deselect | 714 | |
| Select group hotkey | 334 | |
| Use ability | 104 | |
2659 total
» units
| Peasant | 26 | |
| Rifleman | 17 | |
| Mortar Team | 14 | |
| Wind Rider | 6 | |
| Siege Engine | 2 | |
65 total
» upgrades
| Gunpowder | 3 | |
| Armor | 3 | |
| Masonry | 3 | |
| Long Rifles | 1 | |
| Lumber Harvesting | 2 | |
| Fragmentation Shards | 1 | |
13 total
» buildings
| Farm | 22 | |
| Lumber Mill | 2 | |
| Altar of Kings | 2 | |
| Barracks | 1 | |
| Blacksmith | 1 | |
| Scout Tower | 28 | |
| Arcane Tower | 1 | |
| Guard Tower | 26 | |
| Keep | 2 | |
| Arcane Vault | 2 | |
| Town Hall | 3 | |
| Castle | 1 | |
| Workshop | 1 | |
| Orc Burrow | 6 | |
98 total
» build order
00:10 Farm
00:14 Lumber Mill
00:22 Altar of Kings
00:47 Farm
01:28 Barracks
01:38 Farm
01:53 Blacksmith
02:48 Scout Tower
03:01 Scout Tower
03:27 Farm
03:32 Arcane Tower
03:40 Scout Tower
04:01 Guard Tower
04:01 Guard Tower
04:14 Farm
04:18 Scout Tower
04:22 Guard Tower
04:48 Guard Tower
04:51 Farm
04:54 Farm
05:33 Scout Tower
05:37 Scout Tower
06:08 Keep
06:20 Guard Tower
06:23 Farm
06:32 Farm
06:36 Guard Tower
07:50 Arcane Vault
08:24 Farm
09:32 Scout Tower
09:34 Scout Tower
09:37 Scout Tower
09:46 Scout Tower
10:19 Guard Tower
10:20 Guard Tower
10:22 Guard Tower
10:23 Guard Tower
10:32 Town Hall
10:39 Scout Tower
11:11 Guard Tower
11:13 Farm
12:09 Farm
12:54 Farm
14:14 Castle
14:24 Scout Tower
14:28 Scout Tower
14:31 Farm
14:43 Farm
14:47 Farm
15:12 Guard Tower
15:16 Scout Tower
15:20 Farm
15:52 Guard Tower
16:19 Scout Tower
16:25 Scout Tower
16:27 Farm
16:57 Guard Tower
17:01 Workshop
17:02 Guard Tower
17:09 Farm
17:59 Scout Tower
18:03 Scout Tower
19:46 Scout Tower
19:49 Scout Tower
19:52 Scout Tower
19:54 Scout Tower
19:57 Guard Tower
19:58 Guard Tower
20:01 Farm
20:03 Scout Tower
20:14 Guard Tower
20:30 Guard Tower
21:02 Guard Tower
21:07 Guard Tower
21:23 Scout Tower
22:02 Guard Tower
22:53 Scout Tower
23:01 Guard Tower
23:03 Farm
23:14 Orc Burrow
26:58 Orc Burrow
27:01 Orc Burrow
27:04 Orc Burrow
28:38 Orc Burrow
28:41 Orc Burrow
31:30 Town Hall
32:55 Altar of Kings
33:49 Scout Tower
33:51 Scout Tower
33:54 Scout Tower
33:57 Arcane Vault
33:58 Keep
34:25 Lumber Mill
35:06 Guard Tower
35:07 Guard Tower
35:08 Guard Tower
37:16 Town Hall
37:48 Farm
» items
| Periapt of Vitality | 1 | |
| Scroll of Regeneration | 1 | |
| Scroll of Town Portal | 5 | |
7 total
InnocuousD (
pink | 43 APM | 1773 actions | 40:48)
6 Demon Hunter
1 Immolation
3 Mana Burn
1 Evasion
1 Metamorphosis
5 Keeper of the Grove
2 Entangling Roots
3 Force of Nature
3 Priestess of the Moon
1 Trueshot Aura
2 Searing Arrows
1 Firelord
1 Incinerate
» actions
| Assign group hotkey | 25 | |
| Basic commands | 52 | |
| Build / train | 74 | |
| ESC pressed | 1 | |
| Enter build submenu | 26 | |
| Enter hero's abilities submenu | 15 | |
| Give item / drop item | 2 | |
| Right click | 580 | |
| Select / deselect | 311 | |
| Select group hotkey | 599 | |
| Use ability | 88 | |
1773 total
» units
| Wisp | 20 | |
| Archer | 8 | |
| Chimaera | 4 | |
| Hippogryph | 5 | |
37 total
» upgrades
| Ultravision | 1 | |
| Strength of the Wild | 3 | |
| Reinforced Hides | 2 | |
| Corrosive Breath | 1 | |
| Well Spring | 1 | |
8 total
» buildings
| Moon Well | 8 | |
| Altar of Elders | 1 | |
| Ancient of War | 1 | |
| Ancient of Wonders | 2 | |
| Tree of Ages | 1 | |
| Tree of Life | 4 | |
| Hunter's Hall | 1 | |
| Tree of Eternity | 1 | |
| Ancient of Wind | 2 | |
| Chimaera Roost | 3 | |
24 total
» build order
00:21 Moon Well
00:34 Altar of Elders
00:57 Ancient of War
01:25 Moon Well
02:04 Ancient of Wonders
02:13 Moon Well
03:21 Tree of Ages
03:52 Moon Well
04:54 Tree of Life
05:15 Hunter's Hall
05:29 Moon Well
05:31 Moon Well
06:27 Tree of Eternity
08:19 Ancient of Wind
08:25 Ancient of Wind
09:26 Chimaera Roost
09:28 Chimaera Roost
09:31 Chimaera Roost
10:53 Moon Well
10:54 Moon Well
11:13 Ancient of Wonders
18:35 Tree of Life
18:52 Tree of Life
28:38 Tree of Life
» items
| Potion of Healing | 4 | |
| Scroll of Town Portal | 2 | |
| Orb of Venom | 2 | |
8 total

»
huh86rfjo (
green | 22 APM | 466 actions | 21:33)
4 Shadow Hunter
2 Hex
2 Healing Wave
3 Firelord
1 Incinerate
2 Summon Lava Spawn
» actions
| Basic commands | 92 | |
| Build / train | 52 | |
| ESC pressed | 7 | |
| Enter build submenu | 22 | |
| Enter hero's abilities submenu | 7 | |
| Give item / drop item | 2 | |
| Remove unit from queue | 1 | |
| Right click | 9 | |
| Select / deselect | 206 | |
| Use ability | 68 | |
466 total
» units
| Peon | 15 | |
| Grunt | 6 | |
| Troll Headhunter/Berserker | 5 | |
| Troll Batrider | 3 | |
29 total
» upgrades
| Spiked Barricades | 2 | |
| Berserker Strength | 1 | |
| Ranged Weapons | 1 | |
| Armor | 1 | |
| Berserker Upgrade | 1 | |
| Liquid Fire | 1 | |
7 total
» buildings
| Orc Burrow | 8 | |
| War Mill | 1 | |
| Altar of Storms | 1 | |
| Barracks | 2 | |
| Voodoo Lounge | 1 | |
| Stronghold | 1 | |
| Watch Tower | 5 | |
| Fortress | 1 | |
| Beastiary | 2 | |
| Great Hall | 1 | |
23 total
» build order
00:21 Orc Burrow
00:37 War Mill
00:52 Altar of Storms
01:15 Barracks
01:37 Orc Burrow
02:18 Voodoo Lounge
02:41 Orc Burrow
02:54 Barracks
03:56 Stronghold
05:05 Orc Burrow
06:06 Watch Tower
08:40 Orc Burrow
08:43 Orc Burrow
09:31 Fortress
11:22 Beastiary
11:26 Beastiary
13:54 Great Hall
13:59 Watch Tower
15:19 Orc Burrow
16:44 Watch Tower
17:06 Watch Tower
18:49 Watch Tower
21:14 Orc Burrow
» items
| Lesser Clarity Potion | 3 | |
| Scroll of Town Portal | 1 | |
4 total
team 2 (winner)
Selena_Gomez (
yellow | 31 APM | 1328 actions | 43:27)
5 Archmage
1 Summon Water Elemental
3 Blizzard
1 Brilliance Aura
» actions
| Assign group hotkey | 5 | |
| Basic commands | 92 | |
| Build / train | 92 | |
| ESC pressed | 2 | |
| Enter build submenu | 41 | |
| Enter hero's abilities submenu | 5 | |
| Right click | 655 | |
| Select / deselect | 379 | |
| Select group hotkey | 3 | |
| Use ability | 54 | |
1328 total
» units
| Peasant | 33 | |
| Goblin Shredder | 2 | |
| Siege Engine | 27 | |
| Mortar Team | 1 | |
63 total
» upgrades
| Lumber Harvesting | 2 | |
| Gunpowder | 3 | |
| Masonry | 1 | |
| Plating | 3 | |
| Barrage | 1 | |
| Fragmentation Shards | 2 | |
| Flying Machine Bombs | 1 | |
| Flak Cannons | 1 | |
14 total
» buildings
| Altar of Kings | 2 | |
| Farm | 14 | |
| Lumber Mill | 1 | |
| Scout Tower | 7 | |
| Arcane Tower | 1 | |
| Arcane Vault | 2 | |
| Guard Tower | 3 | |
| Town Hall | 2 | |
| Keep | 2 | |
| Blacksmith | 2 | |
| Castle | 2 | |
| Workshop | 6 | |
44 total
» build order
00:11 Altar of Kings
00:17 Farm
00:23 Farm
00:58 Lumber Mill
01:15 Scout Tower
01:46 Arcane Tower
01:58 Arcane Vault
02:13 Scout Tower
02:46 Guard Tower
04:06 Town Hall
04:17 Keep
04:51 Scout Tower
05:01 Arcane Vault
05:05 Scout Tower
05:09 Scout Tower
05:18 Scout Tower
05:28 Guard Tower
06:02 Guard Tower
06:19 Blacksmith
07:04 Castle
07:52 Workshop
07:59 Workshop
08:11 Workshop
08:17 Workshop
08:26 Workshop
08:39 Workshop
08:45 Farm
08:49 Farm
08:55 Farm
09:13 Scout Tower
09:47 Farm
09:56 Farm
09:59 Farm
10:19 Farm
11:32 Farm
12:08 Farm
12:15 Farm
13:31 Farm
16:49 Keep
22:30 Blacksmith
34:52 Castle
40:01 Town Hall
41:25 Altar of Kings
42:11 Farm
» items

»
TeamCancer (
purple | 43 APM | 1885 actions | 43:28)
» actions
| Assign group hotkey | 38 | |
| Basic commands | 8 | |
| Build / train | 64 | |
| Enter build submenu | 82 | |
| Remove unit from queue | 1 | |
| Right click | 831 | |
| Select / deselect | 470 | |
| Select group hotkey | 235 | |
| Use ability | 156 | |
1885 total
» units
| Peon | 25 | |
| Goblin Shredder | 1 | |
| Goblin Zeppelin | 2 | |
| Troll Batrider | 24 | |
52 total
» upgrades
| Reinforced Defenses | 1 | |
| Armor | 3 | |
| Ranged Weapons | 3 | |
| Liquid Fire | 1 | |
| Troll Regeneration | 1 | |
9 total
» buildings
| Orc Burrow | 3 | |
| War Mill | 2 | |
| Watch Tower | 64 | |
| Stronghold | 1 | |
| Altar of Storms | 1 | |
| Great Hall | 3 | |
| Voodoo Lounge | 2 | |
| Fortress | 1 | |
| Beastiary | 4 | |
| Barracks | 1 | |
82 total
» build order
00:26 Orc Burrow
01:29 War Mill
01:32 Orc Burrow
02:42 Watch Tower
02:45 Watch Tower
02:48 Watch Tower
03:11 Watch Tower
03:31 Watch Tower
03:52 Watch Tower
03:57 Watch Tower
04:09 Watch Tower
04:21 Watch Tower
04:42 Watch Tower
04:51 Watch Tower
04:54 Watch Tower
04:59 Watch Tower
05:28 Stronghold
05:53 Watch Tower
05:55 Watch Tower
06:30 Watch Tower
06:30 Watch Tower
06:31 Watch Tower
07:13 Watch Tower
07:15 Watch Tower
07:17 Watch Tower
07:36 Altar of Storms
07:56 Watch Tower
07:59 Watch Tower
08:01 Watch Tower
09:09 Orc Burrow
09:19 Great Hall
09:26 Watch Tower
09:26 Watch Tower
09:48 Voodoo Lounge
10:10 Fortress
10:59 Watch Tower
11:00 Watch Tower
11:00 Watch Tower
11:02 Watch Tower
13:17 Beastiary
13:17 Beastiary
13:18 Beastiary
13:20 Beastiary
13:27 Barracks
15:06 Voodoo Lounge
15:37 Watch Tower
15:38 Watch Tower
15:39 Watch Tower
15:39 Watch Tower
15:40 Watch Tower
15:41 Watch Tower
15:43 Watch Tower
15:45 Watch Tower
18:13 Watch Tower
18:14 Watch Tower
18:14 Watch Tower
18:14 Watch Tower
18:14 Watch Tower
18:15 Watch Tower
18:15 Watch Tower
18:16 Watch Tower
18:16 Watch Tower
20:41 War Mill
23:56 Watch Tower
23:57 Watch Tower
23:58 Watch Tower
24:01 Watch Tower
24:02 Watch Tower
24:02 Watch Tower
24:04 Watch Tower
35:16 Great Hall
37:44 Great Hall
38:47 Watch Tower
38:48 Watch Tower
39:28 Watch Tower
39:30 Watch Tower
39:35 Watch Tower
39:35 Watch Tower
39:36 Watch Tower
40:19 Watch Tower
41:16 Watch Tower
41:18 Watch Tower
CSEVEN (
orange | 34 APM | 1486 actions | 43:27)
10 Mountain King
3 Storm Bolt
3 Bash
1 Avatar
3 Thunder Clap
» actions
| Basic commands | 17 | |
| Build / train | 119 | |
| Enter build submenu | 25 | |
| Enter hero's abilities submenu | 11 | |
| Give item / drop item | 2 | |
| Right click | 693 | |
| Select / deselect | 492 | |
| Use ability | 127 | |
1486 total
» units
| Peasant | 18 | |
| Rifleman | 10 | |
| Murloc Huntsman | 1 | |
| Knight | 6 | |
| Gryphon Rider | 15 | |
50 total
» upgrades
| Gunpowder | 2 | |
| Armor | 3 | |
| Lumber Harvesting | 2 | |
| Long Rifles | 1 | |
| Storm Hammers | 1 | |
| Swords | 3 | |
| Plating | 2 | |
| Animal War Training | 1 | |
15 total
» buildings
| Farm | 8 | |
| Altar of Kings | 1 | |
| Blacksmith | 1 | |
| Barracks | 4 | |
| Scout Tower | 2 | |
| Lumber Mill | 1 | |
| Town Hall | 4 | |
| Arcane Vault | 1 | |
| Keep | 2 | |
| Castle | 1 | |
| Guard Tower | 1 | |
| Gryphon Aviary | 3 | |
29 total
» build order
01:04 Farm
01:08 Altar of Kings
01:20 Farm
01:52 Blacksmith
01:57 Barracks
02:01 Barracks
02:13 Farm
02:31 Barracks
02:41 Scout Tower
02:45 Scout Tower
02:59 Lumber Mill
03:10 Farm
04:56 Town Hall
06:30 Arcane Vault
07:01 Farm
07:04 Keep
07:04 Keep
07:31 Farm
08:09 Farm
10:56 Castle
10:59 Guard Tower
11:03 Barracks
12:10 Farm
12:45 Gryphon Aviary
12:49 Gryphon Aviary
22:38 Gryphon Aviary
29:58 Town Hall
32:25 Town Hall
37:25 Town Hall
» items
| Scroll of Regeneration | 5 | |
| Lesser Clarity Potion | 4 | |
| Scroll of Protection | 1 | |
| Circlet of Nobility | 5 | |
| Potion of Lesser Invulnerability | 2 | |
| Potion of Healing | 5 | |
| Potion of Mana | 4 | |
| Scroll of Town Portal | 4 | |
| Orb of Fire | 1 | |
31 total

»
TiBeTaN-GiRL (
red | 36 APM | 1582 actions | 43:27)
8 Demon Hunter
3 Mana Burn
3 Evasion
1 Metamorphosis
1 Immolation
5 Warden
3 Fan of Knives
1 Shadow Strike
1 Blink
» actions
| Assign group hotkey | 7 | |
| Basic commands | 4 | |
| Build / train | 121 | |
| ESC pressed | 3 | |
| Enter build submenu | 26 | |
| Enter hero's abilities submenu | 14 | |
| Give item / drop item | 6 | |
| Right click | 860 | |
| Select / deselect | 452 | |
| Select group hotkey | 1 | |
| Use ability | 88 | |
1582 total
» units
| Wisp | 20 | |
| Archer | 41 | |
| Huntress | 5 | |
| Hippogryph | 20 | |
| Faerie Dragon | 2 | |
88 total
» upgrades
| Strength of the Moon | 2 | |
| Improved Bows | 1 | |
| Moon Armor | 2 | |
| Ultravision | 1 | |
| Hippogryph Taming | 1 | |
| Marksmanship | 1 | |
8 total
» buildings
| Altar of Elders | 2 | |
| Moon Well | 9 | |
| Ancient of War | 3 | |
| Tree of Ages | 3 | |
| Hunter's Hall | 2 | |
| Tree of Eternity | 2 | |
| Ancient of Wonders | 2 | |
| Ancient of Wind | 3 | |
| Tree of Life | 2 | |
| Chimaera Roost | 1 | |
29 total
» build order
00:06 Altar of Elders
00:07 Moon Well
00:31 Ancient of War
01:31 Moon Well
03:21 Moon Well
03:44 Tree of Ages
03:51 Hunter's Hall
04:46 Ancient of War
05:56 Moon Well
07:30 Tree of Eternity
07:35 Ancient of Wonders
08:54 Ancient of Wind
09:16 Moon Well
15:55 Tree of Life
20:04 Tree of Life
22:28 Tree of Ages
22:37 Moon Well
23:33 Ancient of Wonders
25:12 Tree of Eternity
26:57 Ancient of Wind
30:54 Chimaera Roost
32:24 Altar of Elders
32:25 Ancient of War
32:27 Hunter's Hall
32:33 Moon Well
34:55 Tree of Ages
34:57 Moon Well
38:56 Moon Well
40:53 Ancient of Wind
» items
| Scroll of Healing | 2 | |
| Potion of Lesser Invulnerability | 2 | |
| Scroll of Town Portal | 1 | |
5 total
Chat log
(00:14 / Allies) TiBeTaN-GiRL: hi
(00:23 / Allies) CSEVEN: yo
(00:45 / Allies) CSEVEN: they have orc
(00:46 / Allies) TiBeTaN-GiRL: sup
(00:50 / Allies) CSEVEN: watch for his bm rush
(01:38 / Allies) CSEVEN: i think im just gonna ambush them with force
(04:37 / All) TeamCancer: it's not enough to play on an old toaster, he has to play on dial up too
(05:08 / Allies) TiBeTaN-GiRL: sup
(05:13 / Allies) TeamCancer: don't steal my greens red
(05:20 / All) Light_Speed: fuck selna
(05:23 / Allies) TeamCancer: bad ally, not cool
(10:04 / Allies) Selena_Gomez: help
(10:09 / Allies) Selena_Gomez: help
(10:23 / Allies) Selena_Gomez: omg
(10:30 / Allies) Selena_Gomez: want me to tk team?
(10:33 / Allies) TeamCancer: lol
(10:43 / Allies) TeamCancer: lol
(10:50 / Allies) CSEVEN: i was getting it
(11:24 / Allies) CSEVEN: what took so long to tp
(11:37 / Allies) CSEVEN: Selena
(11:48 / Allies) CSEVEN: \
(12:23 / Allies) CSEVEN: smh
(13:31 / Allies) CSEVEN: wood
(15:13 / Allies) TiBeTaN-GiRL: is it win or lose
(15:20 / Allies) CSEVEN: coming
(16:21 / Allies) Selena_Gomez: its a lose because of fuckhead purple
(18:06 / All) TeamCancer: Zzz
(18:42 / Allies) Selena_Gomez: i need tons of lumber
(19:19 / Allies) TeamCancer: expo
(19:43 / Allies) CSEVEN: fuck
(19:45 / Allies) CSEVEN: selena
(19:48 / Allies) CSEVEN: wtf you doing?
(19:51 / Allies) TeamCancer: expo red
(19:55 / Allies) TeamCancer: get gold
(19:58 / Allies) CSEVEN: HIT
(19:59 / Allies) CSEVEN: bitch
(20:05 / Allies) TiBeTaN-GiRL: ok
(20:14 / Allies) TiBeTaN-GiRL: me
(20:23 / Allies) CSEVEN: no
(20:27 / Allies) TiBeTaN-GiRL: who needs wood
(20:30 / Allies) TiBeTaN-GiRL: type i69
(20:38 / Allies) CSEVEN: HIT
(20:49 / Allies) TiBeTaN-GiRL: lemmi get units then well strike ok purple?
(21:19 / Allies) CSEVEN: omfg
(21:23 / Allies) CSEVEN: what a fucking nopob
(21:24 / Allies) TiBeTaN-GiRL: tp
(22:15 / Allies) CSEVEN: they know better
(22:49 / Allies) CSEVEN: WOOD
(28:16 / Allies) TiBeTaN-GiRL: coming
(28:16 / All) CSEVEN: level 10 mk
(29:46 / All) CSEVEN: mk dont play
(30:05 / Allies) CSEVEN: OUTTT
(30:25 / Allies) TiBeTaN-GiRL: gold plz
(30:31 / Allies) CSEVEN: running out
(30:36 / Allies) TiBeTaN-GiRL: ty
(30:40 / Allies) CSEVEN: cause you noobs cant finish the job
(33:21 / Allies) Selena_Gomez: kill
(33:40 / Allies) TeamCancer: tanks there
(33:45 / Allies) TeamCancer: and I can bat
(33:56 / All) TiBeTaN-GiRL: Gg
(34:36 / Allies) TeamCancer: tanks there and I can bat
(34:56 / Allies) TeamCancer: yellow tanks there
(34:57 / Allies) TeamCancer: and I can bat
(35:02 / Allies) TeamCancer: sigh
(35:04 / Allies) TeamCancer: let him drain it dry
(36:51 / Allies) CSEVEN: gold
(36:53 / Allies) CSEVEN: 200
(38:11 / Allies) TeamCancer: buy a tp red
(38:17 / Allies) TeamCancer: don't waont to lose hero
(38:18 / Allies) TeamCancer: run run
(38:20 / Allies) CSEVEN: i got him
(38:28 / Allies) TeamCancer: if you lose hero they get back in the game
(38:32 / Allies) CSEVEN: meet in the middle
(38:57 / Allies) TeamCancer: focus am
(39:02 / All) Light_Speed: Selena fucking cheater
(39:02 / Allies) TeamCancer: bolt when he tries tp
(39:14 / All) TeamCancer: game over scrubs!!!!
(39:30 / All) TiBeTaN-GiRL: team cigarette
(39:41 / All) TiBeTaN-GiRL: i smell like old books
(39:45 / All) TiBeTaN-GiRL: ^^
(40:44 / All) TeamCancer: give up, you got batted fair and square
(40:57 / All) TiBeTaN-GiRL: you couldnt kill my dh
(41:03 / All) TiBeTaN-GiRL: he ran 2 the shop :D
(41:55 / Allies) TiBeTaN-GiRL: team cancer is a tower downloader
(42:06 / All) TeamCancer: o.O
(42:26 / All) CSEVEN: got emmmmmmmmmmm
(43:09 / All) CSEVEN: lol
(43:13 / All) Selena_Gomez: REKT BY TANKS?